 Dungeon Crawl Stone Soup version 0.29-a0-72-g1732ff48e7 (webtiles) character file.

Game seed: 5637561343457365320

80 SmokeWeed the Sneak (level 4, -3/23 HPs)
             Began as a Spriggan Brigand on Feb 4, 2022.
             Succumbed to a goblin's poison
             ... on level 3 of the Dungeon.
             The game lasted 00:08:23 (2938 turns).

SmokeWeed the Sneak (Spriggan Brigand)              Turns: 2938, Time: 00:08:24

Health: -3/23      AC:  3    Str:  7    XL:     4   Next: 18%
Magic:  7/7        EV: 17    Int: 14    God:
Gold:   108        SH:  0    Dex: 16    Spells: 5/5 levels left

rFire   . . .      SeeInvis +   a - +2 dagger (flame)
rCold   . . .      Faith    .   (no shield)
rNeg    . . .      Spirit   .   b - +0 robe
rPois   .          Reflect  .   (helmet restricted)
rElec   .          Harm     .   c - +0 cloak
rCorr   .          Rampage  .   (gloves unavailable)
Will    .....                   (boots unavailable)
Stlth   ++++......              h - amulet of magic regeneration
HPRegen 0.07/turn               (no ring)
MPRegen 0.50/turn               (no ring)

@: lethally poisoned (-3 -> -19), weak-willed, very quick
A: very small, no large weapons, unfitting armour, see invisible, speed 3
a: no special abilities


You were on level 3 of the Dungeon.
You visited 1 branch of the dungeon, and saw 3 of its levels.

You collected 108 gold pieces.

Inventory:

Hand Weapons
 a - a +2 dagger of flaming (weapon)
 o - a +0 hunting sling
 q - a +0 dagger of protection
Missiles
 e - 5 poisoned darts
 g - 88 stones (quivered)
 j - 13 sling bullets
 k - a curare-tipped dart
Armour
 b - a +0 robe (worn)
 c - a +0 cloak (worn)
Jewellery
 h - an amulet of magic regeneration (around neck)
Scrolls
 i - 4 scrolls of teleportation {unknown}
Potions
 f - a potion of brilliance
 l - a potion of heal wounds {unknown}
 p - 5 potions of curing {unknown}


   Skills:
 + Level 1.8 Fighting
 - Level 2.5 Short Blades
 + Level 0.4(1.9) Slings
 - Level 2.4 Throwing
 * Level 2.2 Dodging
 + Level 7.2 Stealth
 * Level 1.4 Spellcasting


You had 5 spell levels left.
You didn't know any spells.
Your spell library was empty.

Dungeon Overview and Level Annotations

Branches:
Dungeon (3/15)

Altars:

Annotations:
D:3 Robin


Innate Abilities, Weirdness & Mutations

You are very small and have problems with some larger weapons.
You are too small for most types of armour.
You have supernaturally acute eyesight. (SInv)
You cover ground extremely quickly. (Speed+++)


Message History

Robin barely misses you. The goblin completely misses you.
You hit Robin. You burn Robin.
Robin is severely wounded.
You feel sick. Robin misses you. The goblin barely misses you.
You hit Robin but do no damage.
Robin is severely wounded.
You feel sick. Robin misses you.
You barely miss Robin.
Robin is severely wounded.
You feel sick.
The goblin no longer looks unusually strong.
The goblin hits you but does no damage.
You are lethally poisoned!
Robin hits you with a +0 dagger.
You hit Robin but do no damage.
Robin is severely wounded.
* * * LOW HITPOINT WARNING * * *
You feel very sick.
The goblin hits you with a +2 dagger of venom.
* * * LOW HITPOINT WARNING * * *
You are more poisoned.
Robin barely misses you.
You barely miss Robin.
Robin is severely wounded.
* * * LOW HITPOINT WARNING * * *
You feel very sick. The goblin completely misses you.
What are your orders? t - Shout!
Orders for allies: a - Attack new target. p - Attack previous target. r - Retreat! s - Stop attacking. g - Guard the area. f - Follow me.
Anything else - Cancel.
Retreat in which direction?
Press: ? - help, Dir - move target, f - you, p - Robin
Okay, then.
As you read the scroll labelled MUGIRCH PISETZ, it crumbles to dust.
It is a scroll of identify.
f - a potion of brilliance You die...

#...# #............#
######...#####........#####
#<..........##........#
###########...........#
#...........# #....########
#.#### #g# . #@# .. #g# ...
#g# .... ###g######.....
#######>(............
g(g...g.#(##.........
(.......#.##.########
g(.(((..#.##.#
.g......#.##.#


You could see Robin (strong, weak-willed), a hobgoblin and 2 goblins.

Vanquished Creatures
  2 adders (D:2)
  A worm (D:2)
  A dart slug (D:2)
  A bat (D:2)
  7 endoplasms
  2 giant cockroaches
  8 goblins
  8 hobgoblins
  2 jackals (D:2)
  5 kobolds
  A quokka (D:1)
  4 ball pythons
  4 frilled lizards
  4 rats
50 creatures vanquished.

Notes
Turn   | Place    | Note
-------+----------+-------------------------------------------
     0 | D:1      | SmokeWeed the Spriggan Brigand began the quest for the Orb.
     0 | D:1      | Reached XP level 1. HP: 10/10 MP: 2/2
   170 | D:1      | Reached skill level 6 in Stealth
   251 | D:1      | Reached XP level 2. HP: 14/14 MP: 3/3
   313 | D:1      | Found a faded altar of an unknown god.
  1351 | D:2      | Reached XP level 3. HP: 18/18 MP: 4/4
  1504 | D:2      | Reached skill level 7 in Stealth
  1991 | D:2      | Reached skill level 1 in Spellcasting
  2482 | D:2      | Reached XP level 4. HP: 23/23 MP: 6/6
  2890 | D:3      | Noticed Robin
  2937 | D:3      | HP: 1/23 [poisoned by a goblin]
  2938 | D:3      | Succumbed to a goblin's poison

Illustrated notes

Levels and vault maps discovered:
D:1:      nagdon_arrival_double_spiral, layout_basic,
          ebering_ecumenical_altar_hall
D:2:      layout_basic, wad_floor_pattern_1
D:3:      layout_basic, overflow_temple_1_default, kennysheep_generic_room_13,
          uniq_robin

Skill      XL: |  1  2  3 |
---------------+----------+-----
Stealth        | 6 7 |  7.2
Spellcasting   | 1 |  1.4
Dodging        | 2 |  2.2
Fighting       | |  1.8
Short Blades   | |  2.5
Slings         | |  0.4
Throwing       | |  2.4

Action                   |  1- 3 |  4- 6 || total
-------------------------+-------+-------++-------
Melee: Dagger            |   126 |    17 ||   143
       Punch             |     1 |       ||     1
 Fire: Hunting sling     |       |    25 ||    25
Throw: Dart              |    47 |       ||    47
       Stone             |    20 |       ||    20
  Use: Scroll            |       |     3 ||     3
 Stab: Sleeping          |    12 |       ||    12
Armor: Robe              |    13 |     5 ||    18
Dodge: Dodged            |    82 |    19 ||   101

Table legend: (Time is in decaauts)
 A = Elapsed time spent in this place.
 B = Non-inter-level travel time spent in this place.
 C = Inter-level travel time spent in this place.
 D = Time resting spent in this place.
 E = Time spent auto-exploring this place.
 F = Levels seen in this place.
 G = Mean time per level.
                   A        B        C        D        E       F      G
               +--------+--------+--------+--------+--------+-----+--------+
         Total |   2302 |   2250 |     52 |    343 |   1460 |   3 |  767.3 |
       Dungeon |   2302 |   2250 |     52 |    343 |   1460 |   3 |  767.3 |
               +--------+--------+--------+--------+--------+-----+--------+

Top non-repeatable levels by time:
     D:2: 1138 daAuts
     D:1: 1088 daAuts
     D:3: 76 daAuts
